 Dungeon Crawl Stone Soup version 0.21.1-1-g345015fe64 (webtiles) character file.

1619 Peloso the Carver (level 8, -4/71 HPs)
             Began as a Minotaur Fighter on May 25, 2018.
             Killed from afar by an orc wizard (9 damage)
             ... with a puff of flame
             ... on level 6 of the Dungeon.
             The game lasted 00:10:50 (4788 turns).

Peloso the Carver (Minotaur Fighter)                Turns: 4788, Time: 00:10:51

Health: -4/71      AC:  7    Str: 26    XL:     8   Next: 64%
Magic:  7/7        EV:  9    Int:  5    God:
Gold:   208        SH: 12    Dex: 12    Spells: 7/7 levels left

rFire    . . .     SeeInvis .   a - +0 long sword
rCold    . . .     Gourm    .   c - +1 shield
rNeg     . . .     Faith    .   b - +0 scale mail
rPois    .         Spirit   .   (helmet restricted)
rElec    .         Reflect  .   (no cloak)
rCorr    .         Harm     .   (no gloves)
MR       .....                  (no boots)
Stlth    ..........             (no amulet)
HPRegen  0.21/turn              g - ring of wizardry
MPRegen  0.10/turn              (no ring)

@: mighty
A: retaliatory headbutt, horns 2
a: no special abilities


You were on level 6 of the Dungeon.
You were not hungry.

You visited 1 branch of the dungeon, and saw 6 of its levels.
You also visited: Sewer.

You collected 208 gold pieces.

Inventory:

Hand Weapons
 a - a +0 long sword (weapon)
Armour
 b - a +0 scale mail (worn)
 c - a +1 shield (worn)
Jewellery
 g - a ring of wizardry (left hand)
Wands
 x - a wand of polymorph (18)
Scrolls
 i - a scroll of blinking
 j - 5 scrolls of remove curse
 l - a scroll of fear
 r - 2 scrolls of teleportation
 w - a scroll of enchant weapon {unknown}
Potions
 d - 2 potions of might
 e - 3 potions of magic
 h - a potion of heal wounds
 m - 3 potions of curing
 n - a potion of brilliance
 o - a potion of haste
 p - 2 potions of flight
 u - 2 potions of mutation {unknown}
 v - a potion of cancellation {unknown}
Comestibles
 f - 7 rations


   Skills:
 + Level 6.8 Fighting
 + Level 8.7 Long Blades
 + Level 6.5 Armour
 + Level 2.6 Dodging
 + Level 0.4 Stealth
 + Level 6.4 Shields


You had 7 spell levels left.
You didn't know any spells.

Dungeon Overview and Level Annotations

Branches:
Dungeon (6/15)             Temple (0/1) D:5

Altars:


Innate Abilities, Weirdness & Mutations

You reflexively headbutt those who attack you in melee.
You have a pair of horns on your head.


Message History

You closely miss the orc warrior.
The orc warrior is severely wounded.
You barely miss the orc warrior.
The orc warrior is severely wounded.
The orc warrior closely misses you. You furiously retaliate!
You headbutt the orc warrior!
You kill the orc warrior!
You slash the orc!
You kill the orc!
You hit the orc wizard.
The orc wizard is moderately wounded.
The orc wizard points at you and mumbles some strange words.
The magic dart hits you!
* * * LOW HITPOINT WARNING * * *
You block the orc wizard's attack. You block the crimson imp's attack.
You slash the orc wizard!
The orc wizard is almost dead.
The orc wizard points at you and mumbles some strange words.
The puff of flame hits you!
You die...

,,#.........##.# *,*
**#.?.(.....##.# *,*
#............#*####**,*
####..###.:..#,...,,,,*
#(.(......##.###********
#(.............#,,,,,,,*
#...#..o#)#....#,****,**
**** #.......#<##5#.#,* *,*
,,,* #.##......o@.#,*,* *,*
**,* #.##....######,*,* *,*
<,,* #.###.....,,,,,*,****,*
,****#.#*#..##.******,,,,,,*
,,,,,......>.,..,,,,,,,,,,,*
,*****,###.,,,***********,**
,* *,,,,,..,,,,,,,,,* *,* ,*
*,*,*,*,,,******,* *,*
,***,*,*,*,<,* *,* *,*


You could see an orc wizard and a crimson imp.

Vanquished Creatures
  Duvessa (D:4)
  An orc warrior (D:6)
  A centaur (D:5)
  2 ogres
  A big kobold (Sewer)
  2 bullfrogs (D:6)
  Dowan (D:4)
  A scorpion (D:2)
  A bullfrog zombie (D:5)
  A crimson imp (D:5)
  A jelly (D:5)
  2 orc priests (D:5)
  4 orc wizards
  A centaur skeleton (D:5)
  2 hounds (D:4)
  2 iguanas
  A bullfrog skeleton (D:4)
  Terence (D:2)
  5 worker ants
  Robin (D:2)
  A gnoll (D:1)
  8 adders
  A river rat (Sewer)
  2 shadow imps
  2 oozes
  An adder zombie (D:5)
  A worm (D:3)
  2 dart slugs (D:1)
  13 leopard geckos
  15 orcs
  13 bats
  3 giant cockroaches
  15 goblins
  17 hobgoblins
  7 jackals
  4 quokkas
  11 frilled lizards
  12 kobolds
  A leopard gecko skeleton (D:6)
  A quokka skeleton (D:6)
  10 rats
172 creatures vanquished.

Notes
Turn   | Place    | Note
-------+----------+-------------------------------------------
     0 | D:1      | Peloso the Minotaur Fighter began the quest for the Orb.
     0 | D:1      | Reached XP level 1. HP: 19/19 MP: 0/0
    34 | D:1      | Reached XP level 2. HP: 13/27 MP: 1/1
   460 | D:1      | Reached XP level 3. HP: 18/33 MP: 2/2
   532 | D:1      | Reached skill level 3 in Long Blades
   831 | D:2      | Noticed a scorpion
   841 | D:2      | Killed a scorpion
   841 | D:2      | Reached skill level 4 in Long Blades
   841 | D:2      | Reached XP level 4. HP: 37/41 MP: 3/3
   885 | D:2      | Noticed Terence
   901 | D:2      | Killed Terence
   901 | D:2      | Reached XP level 5. HP: 25/47 MP: 4/4
  1279 | D:2      | Noticed Robin
  1283 | D:2      | Killed Robin
  1517 | D:2      | Reached skill level 5 in Long Blades
  1758 | D:3      | Reached skill level 1 in Dodging
  2287 | D:4      | Noticed Duvessa
  2288 | D:4      | Noticed Dowan
  2296 | D:4      | Killed Duvessa
  2296 | D:4      | Reached XP level 6. HP: 20/55 MP: 5/5
  2497 | D:4      | Killed Dowan
  2497 | D:4      | Reached skill level 5 in Armour
  2549 | D:4      | Reached skill level 5 in Fighting
  2831 | D:4      | Reached skill level 6 in Long Blades
  2866 | D:4      | Reached skill level 5 in Shields
  2866 | D:4      | Reached XP level 7. HP: 61/61 MP: 6/6
  3177 | D:5      | Entered Level 5 of the Dungeon
  3270 | D:5      | Reached skill level 7 in Long Blades
  3495 | D:5      | Found a staircase to the Ecumenical Temple.
  3545 | D:5      | Reached XP level 8. HP: 55/70 MP: 7/7
  4087 | D:6      | Found a glowing drain.
  4098 | Sewer    | Entered a sewer
  4172 | Sewer    | Reached skill level 8 in Long Blades
  4271 | Sewer    | Found a glowing silver altar of Zin.
  4788 | D:6      | Killed from afar by an orc wizard

Skill      XL: |  1  2  3  4  5  6  7  8 |
---------------+-------------------------+-----
Fighting       | 4 5 6 |  6.8
Armour         | 4 5 6 |  6.5
Shields        | 4 5 6 |  6.4
Long Blades    | 4 5 6 7 8 |  8.7
Dodging        | 1 2 |  2.6
Stealth        | |  0.4

Action                   |  1- 3 |  4- 6 |  7- 9 || total
-------------------------+-------+-------+-------++-------
Melee: Long sword        |    92 |   150 |   199 ||   441
       Headbutt          |    20 |    26 |    34 ||    80
  Use: Potion            |       |     1 |     3 ||     4
       Scroll            |       |       |    14 ||    14
  Eat: Chunk             |       |     6 |     5 ||    11
       Ration            |       |       |     1 ||     1
Armor: Scale mail        |    53 |    46 |    56 ||   155
Dodge: Dodged            |    31 |    46 |    66 ||   143
Block: Shield            |    64 |    61 |   117 ||   242
       Rpst.: Long sword |     9 |    12 |    16 ||    37
